Map: Thunderbird LE

Players

tiEkEi - Winner!

  • Race: Protoss Protoss
  • League: Platinum
  • Spawn Location: 11:00

Smeeeger

  • Race: Terran Terran
  • League: Platinum
  • Spawn Location: 5:00

VOD

Have the link to the VOD?

Description

Time

  • Played on: July 25, 2019, 8:27 a.m.
  • Length: 11:47
Show
View Real Time Build Order
Export as new Build Order

tiEkEi Protoss - Winner!

Build Orders: Dark Templar Rush 

Get SALT Encoding   

  12  0:00  Probe  
  13  0:13  Probe  
  14  0:20  Pylon  
  14  0:25  Probe  
  15  0:38  Probe  
  16  0:43  Gateway  
  16  0:50  Probe, Assimilator  
  17  1:02  Probe  
  18  1:14  Pylon  
  18  1:15  Probe  
  19  1:27  Probe  
  20  1:38  Pylon  
  20  1:39  Probe  
  21  1:51  Cybernetics Core  
  21  1:59  Assimilator  
  21  2:00  Nexus  
  21  2:07  Probe  
  22  2:17  Warp Gate  
  22  2:18  Stalker  
  22  2:19  Probe  
  25  2:31  Probe  
  25  2:36  Twilight Council  
  26  2:43  Probe  
  27  2:46  Gateway  
  27  2:55  Probe  
  28  3:01  Charge  
  28  3:02  Pylon  
  28  3:07  Probe  
  28  3:12  Probe  
  30  3:19  Probe  
  31  3:24  Probe  
  32  3:31  Dark Shrine  
  32  3:32  Probe  
  32  3:33  Probe  
  32  3:37  Gateway  
  32  3:40  Probe  
  34  3:43  Probe  
  36  3:49  Probe  
  37  4:02  Probe x2  
  39  4:09  Zealot x2  
  43  4:10  Gateway  
  43  4:14  Probe, Pylon  
  44  4:20  Probe, Assimilator  
  44  4:21  Assimilator, Pylon, Shadow Stride  
  45  4:26  Probe  
  46  4:32  Zealot, Probe  
  46  4:33  Zealot  
  51  4:38  Probe  
  52  4:47  Dark Templar  
  54  4:56  Gateway  
  54  4:57  Dark Templar, Gateway  
  54  4:58  Dark Templar  
  58  5:03  Probe x2  
  60  5:08  Dark Templar  
  60  5:13  Pylon  
  62  5:20  Dark Templar  
  64  5:30  Dark Templar  
  64  5:31  Dark Templar  
  68  5:41  Gateway x2  
  68  5:42  Pylon  
  68  5:47  Dark Templar  
  70  5:52  Zealot x2  
  70  5:53  Zealot  
  76  6:05  Dark Templar x2  
  80  6:26  Blink  
  80  6:30  Zealot x2  
  80  6:31  Zealot  
  86  6:35  Pylon  
  86  6:37  Forge  
  86  6:56  Zealot x3  
  86  6:57  Dark Templar  
  94  7:05  Pylon x2  
  94  7:08  Pylon  
  60  7:23  Protoss Ground Weapons Level 1  
  60  7:34  Dark Templar  
  60  7:35  Dark Templar x4  
  54  8:10  Nexus  
  54  8:11  Templar Archives  
  54  8:12  Zealot x5, Pylon  
  64  8:13  Stalker  
  64  8:18  Nexus  
  66  8:20  Pylon  
  66  8:21  Assimilator  
  66  8:25  Assimilator x2  
  66  8:34  Stalker  
  66  8:35  Stalker  
  66  8:38  Psionic Storm  
  70  8:49  Assimilator  
  70  8:50  High Templar  
  72  8:56  High Templar  
  74  9:06  Stalker x2  
  76  9:26  Probe  
  76  9:27  Probe x2  
  79  9:39  Probe x3  
  79  9:43  Probe  
  82  9:45  Pylon  
  82  9:46  Pylon  
  82  9:47  Probe x2  
  82  9:51  Probe x2  
  86  9:55  Probe  
  88  10:02  Robotics Facility  
  88  10:03  Probe  
  88  10:04  High Templar x2  
  93  10:09  Zealot x3  
  93  10:11  Probe  
  93  10:12  Probe  
  101  10:17  Probe x2  
  103  10:23  Probe  
  104  10:34  Probe x3  
  104  10:35  Probe  
  108  10:42  Probe  
  108  10:43  High Templar x4, Probe  
  108  10:47  Archon x2  
  90  11:03  Probe  
  90  11:04  Probe x3  
  87  11:05  Stalker x4  
  96  11:23  Probe x4  
  96  11:24  Observer  
  101  11:35  Probe x4  
  101  11:36  Zealot  
  101  11:37  Stalker x2  
  101  11:38  Stalker x3  
  117  11:40  Stalker x2  
Show
View Real Time Build Order
Export as new Build Order

Smeeeger Terran 

Build Orders:  

Get SALT Encoding   

  12  0:01  SCV  
  13  0:13  SCV  
  14  0:17  Supply Depot  
  14  0:25  SCV  
  15  0:39  Barracks, SCV  
  16  0:45  Refinery  
  16  0:51  SCV  
  17  1:03  SCV  
  18  1:26  Orbital Command  
  18  1:43  Command Center  
  18  1:51  Barracks Reactor  
  18  1:54  SCV  
  19  2:02  Supply Depot  
  19  2:06  SCV  
  20  2:18  SCV  
  21  2:25  Barracks  
  21  2:27  Marine  
  21  2:28  Marine  
  23  2:30  SCV  
  24  2:40  Factory  
  24  2:59  Bunker  
  24  3:01  Orbital Command  
  24  3:03  SCV  
  25  3:09  Marine x2  
  25  3:11  Barracks Tech Lab  
  27  3:14  Barracks  
  27  3:17  SCV  
  28  3:26  Marine, Starport  
  28  3:27  Marine  
  28  3:29  Supply Depot, SCV  
  31  3:36  Supply Depot, SCV  
  31  3:41  SCV  
  33  3:43  Factory Tech Lab  
  33  3:45  Factory Reactor  
  33  3:51  Marine x2  
  33  3:54  SCV x2  
  37  4:05  Stimpack  
  37  4:06  SCV  
  37  4:09  Marine x2  
  40  4:12  Supply Depot  
  40  4:14  SCV  
  41  4:18  SCV  
  42  4:26  SCV  
  43  4:35  SCV  
  44  4:38  SCV  
  44  4:39  Marine x2, Refinery  
  44  4:40  Marine  
  44  4:44  Marine  
  49  4:46  Medivac  
  49  4:48  SCV  
  49  4:50  SCV  
  53  4:57  Supply Depot, Marine  
  54  5:00  SCV  
  54  5:02  Engineering Bay  
  54  5:03  SCV  
  54  5:04  Factory Reactor  
  56  5:12  SCV  
  57  5:15  Refinery, SCV  
  58  5:22  Marine x2  
  58  5:23  Barracks Reactor  
  58  5:24  SCV  
  58  5:27  SCV  
  62  5:34  Marine, Command Center  
  63  5:40  Marine  
  64  5:43  Supply Depot, Terran Infantry Weapons Level 1  
  64  5:46  Refinery  
  64  5:51  Marine  
  64  5:52  Marine, Medivac  
  68  5:58  Marine  
  68  5:59  SCV x2  
  71  6:05  Widow Mine x2  
  75  6:21  Missile Turret  
  75  6:26  Widow Mine  
  75  6:27  Marine x4, Widow Mine  
  75  6:28  Supply Depot, Marine  
  84  6:44  Medivac  
  84  6:45  Marine x4  
  84  6:46  Marine, Medivac  
  93  6:48  Orbital Command  
  93  6:50  SCV  
  93  6:51  SCV  
  95  7:05  Supply Depot  
  95  7:15  Supply Depot  
  93  7:17  Supply Depot x2  
  80  7:31  Marine x2  
  80  7:32  Marine x2  
  80  7:41  Terran Infantry Armor Level 1  
  80  7:42  Supply Depot  
  80  7:44  Armory  
  80  7:45  Marine  
  80  7:46  Medivac x2  
  80  7:49  Marine x3, Widow Mine x2  
  77  8:00  Missile Turret  
  77  8:02  Missile Turret  
  77  8:07  Marine x2  
  77  8:08  Marine, Missile Turret  
  77  8:09  Missile Turret  
  77  8:12  Widow Mine x2  
  84  8:16  Medivac x2  
  88  8:33  Marine x5  
  93  8:39  Fusion Core  
  93  8:45  Starport  
  93  8:49  Orbital Command  
  93  8:50  Marine  
  94  8:59  Marine  
  94  9:00  Marine x3  
  98  9:08  Marine  
  95  9:25  Marine x4  
  95  9:26  Marine  
  95  9:31  Widow Mine x2  
  102  9:32  Medivac x2  
  102  9:36  Starport Tech Lab, Weapon Refit  
  106  9:43  Marine x4  
  106  9:44  Marine  
  111  9:46  SCV x3  
  111  9:52  Widow Mine x2  
  118  9:58  SCV x2  
  118  9:59  SCV  
  121  10:00  Command Center  
  121  10:01  Marine x4  
  121  10:02  Marine  
  126  10:10  SCV  
  127  10:16  Supply Depot  
  127  10:17  Supply Depot  
  127  10:18  Marine  
  127  10:19  Marine x3  
  127  10:20  Marine  
  132  10:21  Supply Depot  
  132  10:23  Supply Depot  
  132  10:34  Barracks, Missile Turret  
  132  10:36  Marine x3  
  132  10:37  Marine x2, Barracks  
  132  10:42  Barracks x2  
  137  10:43  Barracks  
  137  10:54  Marine x4  
  137  10:55  Marine  
  105  11:10  Engineering Bay  
  102  11:12  Marine x4  
  102  11:13  Marine  
  106  11:24  SCV  
  103  11:29  Marine  
  113  11:46  Refinery  
Tags
 
Add a new tag
Caveats
  • Supply blocks, unpowered buildings, or Contaminate may cause inaccurate times.
  • Supply counts are checked every 10 seconds.